 Dungeon Crawl Stone Soup version 0.28.0-43-g3370ac3207 (webtiles) character file.

Game seed: 249001950922049025

23505 boopmooplesden the Spear-Bearer (level 12, -4/110 HPs)
             Began as a Minotaur Fighter on Mar 6, 2022.
             Was a High Priest of Okawaru.
             Slain by a salamander
             ... wielding a +1 glaive
              (8 damage)
             ... in a volcano.
             The game lasted 00:18:07 (15394 turns).

boopmooplesden the Spear-Bearer (Minotaur Fighter) Turns: 15394, Time: 00:18:08

Health: -4/110     AC: 21    Str: 23    XL:     12   Next: 72%
Magic:  10/12      EV: 10    Int:  5    God:    Okawaru [*****.]
Gold:   855        SH: 13    Dex: 13    Spells: 11/11 levels left

rFire   + . .      SeeInvis +   a - +2 trident (spect)
rCold   . . .      Faith    .   v - +0 kite shield
rNeg    . . .      Spirit   .   m - +1 plate armour {Will+}
rPois   .          Reflect  .   I - +2 hat
rElec   .          Harm     .   (no cloak)
rCorr   .          Rampage  .   (no gloves)
Will    +....                   (no boots)
Stlth   ..........              (no amulet)
HPRegen 0.28/turn               u - ring of protection from fire
MPRegen 0.13/turn               l - ring of see invisible

@: heroic
A: horns 2, retaliatory headbutt
a: Renounce Religion, Heroism, Finesse, Duel


You were in a volcano.
You worshipped Okawaru.
Okawaru was extremely pleased with you.
You visited 2 branches of the dungeon, and saw 14 of its levels.
You also visited: Volcano.

You collected 855 gold pieces.

Inventory:

Hand Weapons
 a - a +2 spectral trident (weapon)
 i - a +1 whip of venom
 t - a +4 vampiric spear
 x - a +0 glaive
 B - a +3 spear of venom
 N - a +0 vampiric trident
 S - the +7 trident of Xoghasoi {antimagic, rF- rN+ Dex+4}
   (You found it on level 1 of the Lair of Beasts)

   It reduces the magical energy of the wielder, and disrupts the spells and
   magical abilities of those it strikes.
   Natural abilities and divine invocations are not affected.
   Dex:       It affects your dexterity (+4).
   rF:        It makes you vulnerable to fire.
   rN:        It protects you from negative energy.
Armour
 m - a +1 plate armour of willpower (worn)
 v - a +0 kite shield (worn)
 G - the +1 plate armour of the Armoured One {-Tele rPois rCorr SInv}
   (Okawaru gifted it to you on level 11 of the Dungeon)

   rPois:     It protects you from poison.
   SInv:      It lets you see invisible.
   -Tele:     It prevents most forms of teleportation.
   rCorr:     It protects you from acid and corrosion.
 I - a +2 hat (worn)
Jewellery
 j - a ring of wizardry
 k - a +4 ring of slaying
 l - a ring of see invisible (right hand)
 u - a ring of protection from fire (left hand)
 D - a ring of wizardry
 L - an amulet of reflection
Wands
 q - a wand of paralysis (10)
 y - a wand of digging (11)
 C - a wand of flame (21)
 E - a wand of mindburst (8)
 F - a wand of polymorph (11)
 J - a wand of iceblast (9)
 R - a wand of acid (7)
Scrolls
 c - 2 scrolls of fog
 f - a scroll of magic mapping
 g - 5 scrolls of teleportation
 r - a scroll of fear
 w - 3 scrolls of blinking
 H - 6 scrolls of identify
Potions
 b - 2 potions of haste {unknown}
 d - a potion of might
 e - 5 potions of curing
 h - a potion of mutation
 n - 2 potions of invisibility
 o - a potion of flight
 p - 3 potions of degeneration
 s - a potion of ambrosia {unknown}
 z - a potion of lignification {unknown}
 A - 4 potions of heal wounds {unknown}
 K - a potion of brilliance {unknown}
 M - a potion of resistance {unknown}
 Q - a potion of attraction {unknown}
Miscellaneous
 O - a phantom mirror


   Skills:
 + Level 11.5(16.5) Fighting
 + Level 14.7(19.7) Polearms
 + Level 13.6(18.6) Armour
 + Level 2.2(7.2) Dodging
 + Level 4.0(9.0) Stealth
 + Level 11.3(16.3) Shields
 + Level 2.1 Invocations
 + Level 0.5 Evocations


You had 11 spell levels left.
You didn't know any spells.
Your spell library contained the following spells:

 Spells                   Type           Power      Damage    Failure   Level
 Apportation              Tloc           0%         N/A       99%         1
 Blink                    Tloc           0%         N/A       100%        2
 Conjure Flame            Conj/Fire      0%         6-21      100%        3
 Ignite Poison            Fire/Tmut/Pois 0%         N/A       100%        3
 Lesser Beckoning         Tloc           0%         N/A       100%        3
 Stone Arrow              Conj/Erth      0%         3d7       100%        3
 Sticky Flame             Conj/Fire      0%         2d3       100%        4
 Alistair's Intoxication  Tmut/Pois      0%         N/A       100%        5
 Borgnjor's Vile Clutch   Necr/Erth      0%         N/A       100%        5
 Manifold Assault         Tloc           0%         N/A       100%        5
 Eringya's Noxious Bog    Tmut/Pois      0%         N/A       100%        6
 Lehudib's Crystal Spear  Conj/Erth      0%         10d2      100%        8
 Animate Skeleton         Necr           Unusable   N/A       N/A         1
 Summon Small Mammal      Summ           Unusable   N/A       N/A         1
 Animate Armour           Summ/Erth      Unusable   N/A       N/A         4

Dungeon Overview and Level Annotations

Branches:
Dungeon (12/15)            Temple (0/1) D:4            Lair (2/6) D:11
 Shoals (0/4) Lair:2      Volcano (1/1)
  Snake: Lair:2-4    Spider: Lair:2-4       Orc: D:9-12

Altars:
Ashenzari
Dithmenos
Fedhas
Gozag
Kikubaaqudgha
Nemelex Xobeh
Okawaru
Ru
Uskayaw
Vehumet
Wu Jian
Yredelemnul
The Shining One

Shops:
D:12 ?

Annotations:
D:10 3 runed translucent doors


Innate Abilities, Weirdness & Mutations

You have a pair of horns on your head.
You reflexively headbutt those who attack you in melee.


Message History

You slam into the stone wall!
The salamander wields a +2 shortbow of flaming.
It bursts into flame!
The salamander shoots an arrow.
The arrow closely misses you.
The arrow hits your +2 spectral trident!
Your spectral weapon shares its damage with you!
The arrow burns your +2 spectral trident.
Your spectral weapon shares its damage with you!
You hit the salamander mystic.
Your headbutt misses the salamander mystic.
The salamander mystic is lightly wounded.
Your +2 spectral trident hits the salamander mystic from afar!
The salamander barely misses you. You block the salamander's attack.
The salamander mystic hits you but does no damage.
You hit the salamander mystic.
You headbutt the salamander mystic, but do no damage.
The salamander mystic is moderately wounded.
Your +2 spectral trident hits the salamander mystic from afar.
The salamander unwields a +2 shortbow of flaming.
It stops flaming.
The salamander hits you but does no damage.
You block the salamander's attack. x2
You hit the salamander mystic but do no damage.
You headbutt the salamander mystic, but do no damage.
The salamander mystic is moderately wounded.
Your +2 spectral trident completely misses the salamander mystic.
The salamander mystic hits you with a +0 quarterstaff!
* * * LOW HITPOINT WARNING * * *
You are engulfed in flames.
You resist.
* * * LOW HITPOINT WARNING * * *
You barely miss the salamander mystic.
The salamander mystic is moderately wounded.
Your +2 spectral trident barely misses the salamander mystic.
The salamander hits you but does no damage.
The salamander hits you from afar with a +1 trident!
* * * LOW HITPOINT WARNING * * *
You are engulfed in flames.
You resist.
* * * LOW HITPOINT WARNING * * *
The salamander hits you with a +1 glaive!
You die...

≈≈≈§≈≈§≈≈§§≈§§≈≈≈≈≈§.≈§≈§≈≈§≈≈≈≈≈
≈≈≈≈≈≈≈§≈§≈≈§§≈≈≈§§§§≈≈≈≈≈§§§≈§≈≈
≈§≈≈≈≈≈≈≈≈≈.≈≈.≈≈.§§§≈.≈≈≈§≈§≈≈≈≈
≈≈≈§≈≈≈§..........§.......§§§≈≈≈≈
≈≈≈≈§≈≈.#################§≈§§§§§≈
≈≈≈≈≈≈..# +.....+ #.§≈≈≈≈§§
§≈≈≈≈≈§.# #.8N8.# #.≈≈≈≈§≈§
§≈§§≈≈≈.# #.NNN.#
§≈§≈≈≈≈.###++###@#
§≈≈≈§§≈.#......#(#
≈§≈≈≈§§§######.#.# §≈§§≈S..# #.#
§≈§≈§§≈.# #.# §≈≈≈≈§≈.# #.#
§≈≈≈≈≈..# #.#
≈§≈≈≈≈≈§########+######
§§≈≈≈≈≈...................§§≈§ §§


You could see a salamander mystic, 3 salamanders and a friendly +2 spectral
trident (summoned).

Vanquished Creatures
  A slime creature (D:12)
  3 hydras
  Erolcha (D:9)
  5 two-headed ogres
  An orange crystal statue (D:10)
  An ugly thing (D:11)
  A manticore (D:12)
  A cyclops (D:12)
  2 black mambas
  3 gargoyles (D:12)
  A rime drake (Lair:1)
  4 cane toads
  A kobold demonologist (D:10)
  2 komodo dragons (Lair:1)
  4 trolls
  A snapping turtle (Lair:2)
  A shadow (D:10)
  3 wyverns
  2 vampires (D:11)
  19 yaks
  A fire bat (Volcano)
  A wraith (D:5)
  2 basilisks
  3 vampire mosquitoes (D:12)
  3 water moccasins
  2 acid dragons
  2 sky beasts
  A black bear (D:7)
  2 orc warriors
  2 necrophages
  2 ogres
  2 centaurs
  8 wolves
  7 kobold brigands
  8 bullfrogs
  2 gnoll sergeants
  2 scorpions
  2 wyvern zombies
  2 water moccasin skeletons (D:4)
  8 killer bees
  2 jellies
  3 electric eels
  7 hounds
  4 lava snakes (Volcano)
  7 centaur zombies
  6 orc priests
  A centaur skeleton (D:3)
  5 iguanas
  Natasha (thrice) (D:2)
  5 orc wizards
  3 mummies (D:11)
  14 gnolls
  12 adders
  2 white imps
  2 adder skeletons
  A dart slug (D:1)
  31 orcs
  12 ball pythons
  10 bats
  6 endoplasms
  3 giant cockroaches
  15 goblins
  6 hobgoblins
  11 jackals
  36 kobolds
  5 quokkas
  3 frilled lizards
  4 rats
338 creatures vanquished.

Vanquished Creatures (others)
  An orc wizard (D:10)
  An orc (D:11)
  2 fungi
  A withered plant (D:11)
5 creatures vanquished.

Grand Total: 343 creatures vanquished

Notes
Turn   | Place    | Note
-------+----------+-------------------------------------------
     0 | D:1      | boopmooplesden the Minotaur Fighter began the quest for the
                  | Orb.
     0 | D:1      | Reached XP level 1. HP: 19/19 MP: 0/0
    66 | D:1      | Reached XP level 2. HP: 25/27 MP: 1/1
   358 | D:1      | Reached XP level 3. HP: 23/33 MP: 2/2
   687 | D:1      | Reached skill level 3 in Polearms
  1086 | D:2      | Reached XP level 4. HP: 40/40 MP: 3/3
  1224 | D:2      | Found an iron altar of Okawaru.
  1247 | D:2      | Became a worshipper of Warmaster Okawaru
  1397 | D:2      | Found a faded altar of an unknown god.
  1429 | D:2      | Noticed Natasha
  1443 | D:2      | Killed Natasha
  1522 | D:2      | Noticed Natasha
  1533 | D:2      | Killed Natasha
  1534 | D:2      | Reached skill level 4 in Polearms
  1534 | D:2      | Reached XP level 5. HP: 31/47 MP: 4/4
  1666 | D:2      | Noticed Natasha
  1713 | D:2      | Killed Natasha
  2351 | D:3      | Reached skill level 5 in Armour
  2440 | D:3      | Found a sacrificial altar of Ru.
  2604 | D:4      | Reached skill level 1 in Dodging
  2611 | D:4      | Reached XP level 6. HP: 39/53 MP: 5/5
  2725 | D:4      | Reached skill level 5 in Polearms
  2954 | D:4      | Reached skill level 5 in Fighting
  2954 | D:4      | Reached skill level 5 in Shields
  3006 | D:4      | Reached * piety under Okawaru
  3050 | D:4      | Found a shadowy altar of Dithmenos.
  3296 | D:4      | Reached XP level 7. HP: 61/61 MP: 6/6
  3386 | D:4      | Found a staircase to the Ecumenical Temple.
  3551 | D:5      | Entered Level 5 of the Dungeon
  3680 | D:5      | Reached skill level 6 in Polearms
  4210 | D:5      | Noticed a wraith
  4217 | D:5      | Killed a wraith
  4233 | D:5      | Found a radiant altar of Vehumet.
  4235 | D:5      | Reached skill level 7 in Polearms
  4235 | D:5      | Reached XP level 8. HP: 70/70 MP: 7/7
  4760 | D:6      | Reached skill level 8 in Polearms
  5004 | D:6      | Reached ** piety under Okawaru
  5816 | D:7      | Reached skill level 9 in Polearms
  5828 | D:7      | Reached XP level 9. HP: 11/78 MP: 6/8
  6286 | D:7      | Reached skill level 1 in Stealth
  6296 | D:7      | Reached skill level 10 in Polearms
  6323 | D:7      | Reached *** piety under Okawaru
  6699 | D:7      | Noticed a two-headed ogre
  6708 | D:7      | Killed a two-headed ogre
  6708 | D:7      | Reached **** piety under Okawaru
  6709 | D:7      | Reached skill level 1 in Invocations
  7102 | D:8      | Reached XP level 10. HP: 88/88 MP: 9/9
  7250 | D:8      | Reached skill level 11 in Polearms
  7519 | D:8      | Found a glowing golden altar of the Shining One.
  7520 | D:8      | Found an opulent altar of Gozag.
  7558 | D:8      | Found a blossoming altar of Fedhas.
  7559 | D:8      | Found a hide-covered altar of Uskayaw.
  7561 | D:8      | Found a broken altar of Ashenzari.
  7562 | D:8      | Found an ornate altar of the Wu Jian Council.
  7564 | D:8      | Found a basalt altar of Yredelemnul.
  7568 | D:8      | Found an ancient bone altar of Kikubaaqudgha.
  7951 | D:9      | Reached skill level 10 in Armour
  7959 | D:9      | Reached ***** piety under Okawaru
  7970 | D:9      | Noticed a two-headed ogre
  7974 | D:9      | Killed a two-headed ogre
  8546 | D:9      | Found a sparkling altar of Nemelex Xobeh.
  8970 | D:9      | You fall into a shaft and drop 1 floor!
  8970 | D:10     | Entered Level 10 of the Dungeon
  9491 | D:9      | Noticed Erolcha
  9495 | D:9      | Killed Erolcha
  9496 | D:9      | Reached skill level 12 in Polearms
  9639 | D:10     | Reached XP level 11. HP: 70/97 MP: 9/11
  9898 | D:10     | Found a runed translucent door.
  9913 | D:10     | Found a runed translucent door.
  9936 | D:10     | Found a runed translucent door.
  9954 | D:10     | Found a runed translucent door.
  9974 | D:10     | Noticed an orange crystal statue
 10002 | D:10     | Killed an orange crystal statue
 10558 | D:11     | Noticed a cyan ugly thing
 10569 | D:11     | Killed a cyan ugly thing
 10572 | D:11     | Reached ****** piety under Okawaru
 10663 | D:11     | Identified the +1 plate armour of the Armoured One {-Tele
                  | rPois rCorr SInv} (Okawaru gifted it to you on level 11 of
                  | the Dungeon)
 10663 | D:11     | Received a gift from Okawaru
 10729 | D:11     | Noticed a two-headed ogre
 10735 | D:11     | Killed a two-headed ogre
 10887 | D:11     | Reached skill level 13 in Polearms
 11492 | D:12     | Found Keass's Magic Scroll Emporium.
 11580 | D:12     | Reached skill level 10 in Fighting
 11831 | D:12     | Reached skill level 10 in Shields
 12193 | D:11     | Noticed a two-headed ogre
 12213 | D:11     | Killed a two-headed ogre
 12214 | D:11     | Reached XP level 12. HP: 41/107 MP: 12/12
 12644 | D:11     | Noticed a two-headed ogre
 12651 | D:11     | Killed a two-headed ogre
 12652 | D:11     | Reached skill level 14 in Polearms
 12731 | D:11     | Noticed a five-headed hydra
 12739 | D:11     | Killed a five-headed hydra
 12989 | D:11     | Found a staircase to the Lair.
 12999 | Lair:1   | Entered Level 1 of the Lair of Beasts
 13332 | Lair:1   | Identified the +7 trident of Xoghasoi {antimagic, rF- rN+
                  | Dex+4}
 13346 | Lair:1   | Identified the +0 robe "Toaq" {Dex+3} (Okawaru gifted it to
                  | you on level 1 of the Lair of Beasts)
 13346 | Lair:1   | Received a gift from Okawaru
 13591 | Lair:1   | Noticed a four-headed hydra
 13598 | Lair:1   | Killed a four-headed hydra
 14604 | Lair:2   | Found a staircase to the Shoals.
 14698 | Lair:2   | Noticed a seven-headed hydra
 14704 | Lair:2   | Killed a seven-headed hydra
 14744 | Lair:2   | Found a dark tunnel.
 14760 | Volcano  | Entered a volcano
 15385 | Volcano  | Found a burning altar of Makhleb.
 15394 | Volcano  | HP: 4/110 [salamander/+1 trident (5)]
 15394 | Volcano  | Slain by a salamander

Illustrated notes

Levels and vault maps discovered:
D:1:      lemuel_arrival_cross, layout_basic, chequers_serial_rivers_small_a,
          minmay_hexomino_c4
D:2:      kennysheep_the_goblin_king, layout_rooms, basic_altar,
          shapermc_ecumenical_altar_notcrosses, uniq_natasha
D:3:      layout_loops_cross, nicolae_ru_the_path_less_chosen, minmay_ruptured
D:4:      layout_loops_ring, mainiacjoe_overflow_cross_hatched,
          minmay_temple_entry_fiery
D:5:      layout_gridville, old_standard_altar
D:6:      layout_basic
D:7:      black_bear_nest_1, layout_basic
D:8:      layout_basic, nicolae_overflow_hallway_of_the_gods
D:9:      layout_basic, mainiacjoe_overflow_chevrons, uniq_erolcha
D:10:     layout_long_grid, chequers_serial_rivers_small_3,
          minmay_statue_crystal_thing
D:11:     layout_irregular_city, erik_lair_island, hiddenorc2_lemuel,
          serial_undead, serial_undead_a, serial_undead_d, serial_undead_b,
          serial_undead_b, chequers_serial_rivers_small_3,
          minmay_parallelograms, bloody_trog
D:12:     layout_roguey, serial_shops, kennysheep_little_box
Lair:1:   layout_hall_layers
Lair:2:   layout_gridlike, minmay_shoals_entry_hut,
          hellmonk_spider_entry_life_and_decay, nicolae_volcano_entry_lava_flow
Volcano:  volcano_lake [vl_original]

Skill      XL: |  1  2  3  4  5  6  7  8  9 10 11 12 |
---------------+-------------------------------------+-----
Armour         | 4 5 6 8 9 11 12 13 | 13.6
Fighting       | 4 5 6 8 9 10 11 | 11.5
Shields        | 4 5 6 7 9 10 11 | 11.3
Polearms       | 3 4 5 7 9 10 12 13 14 | 14.7
Dodging        | 1 2 |  2.2
Stealth        | 1 2 3 4 |  4.0
Invocations    | 1 2 |  2.1
Evocations     | |  0.5

Action                   |  1- 3 |  4- 6 |  7- 9 | 10-12 || total
-------------------------+-------+-------+-------+-------++-------
Melee: Trident           |    97 |   134 |   156 |   398 ||   785
       Headbutt          |    10 |    16 |    34 |    92 ||   152
Throw: Throwing net      |       |       |       |     1 ||     1
Invok: Heroism           |       |       |     5 |    13 ||    18
Evoke: Wand              |       |       |       |     2 ||     2
  Use: Scroll            |       |     3 |    14 |     4 ||    21
       Potion            |       |       |     1 |       ||     1
 Stab: Distracted        |       |       |     2 |     7 ||     9
       Held in net/web   |       |       |       |     2 ||     2
Armor: Scale mail        |    63 |       |       |       ||    63
       Plate armour      |     1 |   125 |    71 |   175 ||   372
Dodge: Dodged            |    48 |    42 |    37 |   104 ||   231
Block: Buckler           |    35 |    37 |    15 |       ||    87
       Kite shield       |       |       |    52 |   195 ||   247
